 Dungeon Crawl Stone Soup version 0.25-a0-632-g7713895373 (webtiles) character file.

Game seed: 16479441092044503328, levelgen mode: deterministic

53 DavidChitty2 the Chiller (level 3, -1/28 HPs)
             Began as a Draconian Ice Elementalist on Mar 18, 2020.
             Killed from afar by Natasha (3 damage)
             ... with a magic dart
             ... on level 2 of the Dungeon on Mar 19, 2020.
             The game lasted 00:05:03 (1537 turns).

DavidChitty2 the Chiller (DrIE)                     Turns: 1537, Time: 00:05:03

Health: -1/28      AC:  5    Str: 10    XL:     3   Next: 62%
Magic:  3/6        EV: 12    Int: 16    God:
Gold:   121        SH:  0    Dex: 11    Spells: 6/7 levels left

rFire    . . .     SeeInvis .   a - +0 hunting sling
rCold    . . .     Gourm    .   (no shield)
rNeg     . . .     Faith    .   (armour unavailable)
rPois    .         Spirit   .   (helmet restricted)
rElec    .         Reflect  .   (no cloak)
rCorr    .         Harm     .   (no gloves)
MR       .....                  (no boots)
Stlth    ++........             (no amulet)
HPRegen  0.09/turn              (no ring)
MPRegen  0.10/turn              (no ring)

@: no status effects
A: unfitting armour, cold-blooded, AC +5
a: no special abilities


You were on level 2 of the Dungeon.
You were not hungry.

You visited 1 branch of the dungeon, and saw 2 of its levels.

You collected 121 gold pieces.

Inventory:

Hand Weapons
 a - a +0 hunting sling (weapon)
   (You found it on level 1 of the Dungeon)
 b - a +2 short sword of venom
   (You took it off a kobold on level 1 of the Dungeon)
 k - a +0 dagger
   (You took it off a kobold on level 1 of the Dungeon)
Missiles
 c - 39 sling bullets
 n - 7 stones (quivered)
Wands
 q - a wand of polymorph (14)
   (You found it on level 2 of the Dungeon)
Scrolls
 h - a scroll of identify {unknown}
 i - a scroll of enchant armour {unknown}
 l - a scroll of remove curse {unknown}
 o - 2 scrolls of enchant weapon {unknown}
 p - a scroll of teleportation {unknown}
Potions
 d - a potion of ambrosia {unknown}
 f - a potion of brilliance {unknown}
 g - a potion of resistance {unknown}
 m - 2 potions of curing {unknown}
 r - 4 potions of heal wounds {unknown}
 s - a potion of cancellation {unknown}
Comestibles
 e - 6 rations {!d}
 j - 9 chunks of flesh


   Skills:
 + Level 1.5 Fighting
 - Level 1.7 Dodging
 - Level 1.7 Stealth
 + Level 2.5 Spellcasting
 * Level 4.7 Ice Magic


You had 6 spell levels left.
You knew the following spells:

 Your Spells              Type           Power        Failure   Level  Hunger
a - Freeze                Ice            ###.         2%          1    #......

Your spell library contained the following spells:

 Spells                   Type           Power        Failure   Level  Hunger
 Frozen Ramparts          Ice            ###...       9%          3    ###....
 Ozocubu's Armour         Chrm/Ice       #.......     22%         3    ###....
 Hailstorm                Conj/Ice       #.......     58%         4    #####..
 Summon Ice Beast         Ice/Summ       #.......     58%         4    #####..


Dungeon Overview and Level Annotations

Branches:
Dungeon (2/15)

Altars:
Fedhas
Gozag

Annotations:
D:2 1 runed translucent door, Crazy Yiuf, Natasha


Innate Abilities, Weirdness & Mutations

Your plain brown scales are hard. (AC +5)
You cannot fit into any form of body armour.
You are cold-blooded and may be slowed by cold attacks.


Message History

Firing (i - inventory. (/) - cycle)
n - 10 stones (quivered)
Aim: a white imp (summoned)
You shoot a stone.
The stone hits the white imp but does no damage.
Firing (i - inventory. (/) - cycle)
n - 9 stones (quivered)
Aim: a white imp (summoned)
You shoot a stone. The stone hits the white imp.
Natasha wildly gestures.
Natasha glows brightly for a moment.
The white imp closely misses you.
Natasha howls an incantation.
Natasha shimmers violently.
The crimson imp blinks!
Some of the chunks of flesh in your inventory have rotted away.
Natasha closely misses you. The white imp closely misses you.
The crimson imp hits you but does no damage.
Natasha claws you.
The crimson imp hits you but does no damage.
Natasha mumbles some strange words.
The crimson imp barely misses you.
The crimson imp blinks!
The white imp gestures at you. The puff of frost hits you!
You feel yourself speed up.
The crimson imp hits you but does no damage.
Really attack while wielding your +0 hunting sling?
Okay, then.
Firing (i - inventory. (/) - cycle)
n - 8 stones (quivered)
Aim: a white imp (moderately wounded, summoned)
You shoot a stone. The stone hits the white imp.
The white imp gestures at you. The puff of frost hits you!
* * * LOW HITPOINT WARNING * * *
The crimson imp barely misses you. The white imp misses you.
Aim: a white imp (heavily wounded, summoned)
The white imp completely resists.
You freeze the white imp but do no damage.
The crimson imp disappears in a puff of smoke!
The white imp gestures at you. The puff of frost hits you!
* * * LOW HITPOINT WARNING * * *
Aim: a white imp (heavily wounded, summoned)
The white imp completely resists.
You freeze the white imp but do no damage.
The white imp disappears in a puff of smoke!
Aim: Natasha (grey smoke)
You freeze Natasha. Natasha casts a spell at you. The magic dart hits you.
You die...

....# ##.############...........#
..<.###..###..................###
....#...###..#########.......##
............## #.......#
....######### #.......# ....#
#.......# ....# #.....((## ....#
##########...(....( #####
#.ยงยง@h5......######
##############


You could see Natasha and a shadow imp.

Vanquished Creatures
  An adder (D:2)
  An ooze (D:2)
  3 worms (D:2)
  4 orcs (D:2)
  2 goblins (D:2)
  3 hobgoblins
  2 bats
  4 frilled lizards (D:2)
  7 kobolds
  4 rats (D:2)
31 creatures vanquished.

Notes
Turn   | Place    | Note
-------+----------+-------------------------------------------
     0 | D:1      | DavidChitty2 the Draconian Ice Elementalist began the quest
                  | for the Orb.
     0 | D:1      | Reached XP level 1. HP: 14/14 MP: 3/3
    42 | D:1      | Upgraded the game from 0.25-a0-631-gc915619fb7 to
                  | 0.25-a0-632-g7713895373
   861 | D:2      | Reached XP level 2. HP: 22/22 MP: 5/5
   869 | D:2      | Found a blossoming altar of Fedhas.
   973 | D:2      | Reached skill level 1 in Fighting
  1142 | D:2      | Reached XP level 3. HP: 26/28 MP: 3/6
  1196 | D:2      | Found an opulent altar of Gozag.
  1267 | D:2      | Found a runed translucent door.
  1268 | D:2      | Noticed Crazy Yiuf
  1520 | D:2      | Noticed Natasha
  1537 | D:2      | Killed from afar by Natasha

Levels and vault maps discovered:
D:1:      dpeg_arrival_orchard, layout_loops_ring
D:2:      layout_rooms, old_standard_altar, old_standard_altar, uniq_natasha,
          uniq_crazy_yiuf_cottage

Skill      XL: |  1  2 |
---------------+-------+-----
Fighting       | 1 |  1.5
Dodging        | |  1.7
Stealth        | |  1.7
Spellcasting   | |  2.5
Ice Magic      | |  4.7

Action                   || total
-------------------------++-------
 Fire: Hunting sling     ||    91
Throw: Stone             ||     1
 Cast: Freeze            ||    16
  Eat: Chunk             ||     2
Armor: Skin              ||    11
Dodge: Dodged            ||    27

Table legend:
 A = Non-vault XP
 B = Vault XP
 C = Vault XP percentage of total XP
 D = Non-vault monster count
 E = Vault monster count
 F = Vault count percentage of total count
                 A         B        C        D         E       F
            +---------+---------+-------+---------+---------+-------
      Total |      76 |       0 |   0.0 |      31 |       0 |   0.0
            +---------+---------+-------+---------+---------+-------
        D:1 |       8 |       0 |   0.0 |       6 |       0 |   0.0
        D:2 |      68 |       0 |   0.0 |      25 |       0 |   0.0
            +---------+---------+-------+---------+---------+-------
